 Dungeon Sprint DCSS version 0.27-a0-1513-g2aaa0cc67b (webtiles) character file.

Game seed: 11063997746336261824

5217 mhtbhm the Impaler (level 10, -1/97 HPs)
             Began as a Minotaur Fighter on July 9, 2021.
             Was the Champion of Qazlal.
             Killed from afar by a nagaraja (26 damage)
             ... with a bolt of poison
             ... in the Dungeon (Sprint VII: "The Pits").
             The game lasted 00:02:25 (1265 turns).

mhtbhm the Impaler (Minotaur Fighter)               Turns: 1265, Time: 00:02:26

Health: -1/97      AC: 22    Str: 26    XL:     10   Next: 35%
Magic:  9/9        EV:  7    Int:  8    God:    Qazlal [******]
Gold:   0          SH: 22    Dex: 11    Spells: 9/9 levels left

rFire    . . .     SeeInvis .   a - +2 trident (vorpal)
rCold    . . .     Faith    .   c - +0 kite shield
rNeg     . . .     Spirit   .   b - +4 chain mail
rPois    .         Reflect  .   (helmet restricted)
rElec    .         Harm     .   (no cloak)
rCorr    .         Rampage  .   p - +0 pair of gloves
Will     .....     NoTele   +   q - +0 pair of boots
Stlth    ..........             (no amulet)
HPRegen  0.26/turn              n - +3 ring of intelligence
MPRegen  0.11/turn              o - +3 ring of strength

@: lethally poisoned (-1 -> -21), protected from physical damage, constricted,
repel missiles
A: horns 2, retaliatory headbutt
a: Renounce Religion, Upheaval, Elemental Force, Disaster Area


You were in the Dungeon.
You worshipped Qazlal.
Qazlal was exalted by your worship.
You visited 1 branch

Inventory:

Hand Weapons
 a - a +2 vorpal trident (weapon)
Armour
 b - a +4 chain mail (worn)
 c - a +0 kite shield (worn)
 p - a +0 pair of gloves (worn)
 q - a +0 pair of boots (worn)
Jewellery
 n - a +3 ring of intelligence (left hand)
 o - a +3 ring of strength (right hand)
Scrolls
 j - a scroll of blinking
 l - 5 scrolls of amnesia
 m - a scroll of summoning
Potions
 d - a potion of might
 e - 6 potions of curing
 f - 16 potions of heal wounds
 g - 2 potions of haste
 h - 4 potions of magic
 i - 3 potions of berserk rage
 k - 2 potions of invisibility


   Skills:
 + Level 12.2 Fighting
 + Level 17.1 Polearms
 + Level 12.4 Armour
 + Level 4.4 Dodging
 + Level 2.3 Stealth
 + Level 14.9 Shields


You had 9 spell levels left.
You didn't know any spells.
Your spell library was empty.

Dungeon Overview and Level Annotations

Branches:
Dungeon (1/1)

Altars:
Ashenzari
Cheibriados
Dithmenos
Elyvilon
Fedhas
Gozag
Hepliaklqana
Kikubaaqudgha
Makhleb
Nemelex Xobeh
Okawaru
Qazlal
Ru
Sif Muna
Trog
Uskayaw
Vehumet
Wu Jian
Xom
Yredelemnul
Zin
The Shining One
Beogh
Jiyva
Lugonu


Innate Abilities, Weirdness & Mutations

You have a pair of horns on your head.
You reflexively headbutt those who attack you in melee.


Message History

You are poisoned.
The two-headed ogre hits you with a +0 giant club!
You block the two-headed ogre's attack.
You feel better. The nagaraja spits poison at you.
The splash of poison is repelled.
Unknown command.
You block the nagaraja's attack. The nagaraja grabs you.
The nagaraja constricts you.
The two-headed ogre hits you with a +0 giant club!
You block the two-headed ogre's attack. The nagaraja spits poison at you.
The splash of poison is repelled.
The nagaraja constricts you.
Unknown command.
You puncture the two-headed ogre!
The two-headed ogre is almost dead.
The nagaraja spits poison at you.
The splash of poison hits you but does no damage.
You are poisoned.
The nagaraja constricts you.
The two-headed ogre hits you with a +0 giant club.
The two-headed ogre hits you with a +0 giant spiked club!
* * * LOW HITPOINT WARNING * * *
You feel protected from physical attacks.
You hit the two-headed ogre.
You kill the two-headed ogre!
Qazlal accepts your kill.
You feel sick. You block the nagaraja's attack. The nagaraja constricts you.
Unknown command.
Unknown command.
You feel better. You block the nagaraja's attack.
* * * LOW HITPOINT WARNING * * *
The nagaraja constricts you.
Unknown command.
You hit the nagaraja but do no damage.
You headbutt the nagaraja, but do no damage.
The nagaraja points at you and mumbles some strange words.
The bolt of poison hits you!!
You are poisoned.
You die...

##################+#
................)..#
................@.○#
#++##############N.#
.°# ..# ..# ..# ..#
..#


You could see a nagaraja (fast).

Vanquished Creatures
  An eidolon (D)
  A hydra (D)
  A two-headed ogre (D)
  A bog body (D)
  A smoke demon (D)
  An unseen horror (D)
  A yaktaur (D)
  A hellwing (D)
  A red devil (D)
  A hornet (D)
  A spriggan (D)
  A redback (D)
  A shadow (D)
  A warg (D)
  A water moccasin (D)
  A floating eye (D)
  A phantom (D)
  Blork the orc (D)
  An earth elemental (D)
  A quasit (D)
  A jelly (D)
  2 iguanas (D)
  A mummy (D)
  2 gnolls (D)
  2 adders (D)
  3 orcs (D)
  A bat (D)
  A hobgoblin (D)
  4 jackals (D)
  A kobold (D)
  A quokka skeleton (D)
39 creatures vanquished.

Notes
Turn   | Place    | Note
-------+----------+-------------------------------------------
     0 | D        | mhtbhm the Minotaur Fighter began the quest for the Orb.
     0 | D        | Reached XP level 1. HP: 19/19 MP: 0/0
    17 | D        | Reached XP level 2. HP: 28/28 MP: 1/1
    21 | D        | Found a bloodstained altar of Trog.
    21 | D        | Found a shimmering blue altar of Sif Muna.
    21 | D        | Found a viscous altar of Jiyva.
    21 | D        | Found a hazy altar of Hepliaklqana.
    21 | D        | Found an opulent altar of Gozag.
    22 | D        | Found a glowing golden altar of the Shining One.
    22 | D        | Found a glowing silver altar of Zin.
    22 | D        | Found a basalt altar of Yredelemnul.
    22 | D        | Found a shimmering altar of Xom.
    22 | D        | Found an ornate altar of the Wu Jian Council.
    22 | D        | Found a sacrificial altar of Ru.
    22 | D        | Found a stormy altar of Qazlal.
    22 | D        | Found an iron altar of Okawaru.
    22 | D        | Found a sparkling altar of Nemelex Xobeh.
    22 | D        | Found a burning altar of Makhleb.
    22 | D        | Found a blossoming altar of Fedhas.
    22 | D        | Found a white marble altar of Elyvilon.
    22 | D        | Found a shadowy altar of Dithmenos.
    22 | D        | Found a snail-covered altar of Cheibriados.
    24 | D        | Found a radiant altar of Vehumet.
    24 | D        | Found a corrupted altar of Lugonu.
    25 | D        | Found a hide-covered altar of Uskayaw.
    25 | D        | Found an ancient bone altar of Kikubaaqudgha.
    25 | D        | Found a broken altar of Ashenzari.
    29 | D        | Became a worshipper of Qazlal Stormbringer
    72 | D        | Reached skill level 3 in Polearms
    75 | D        | Reached * piety under Qazlal
    76 | D        | Reached skill level 5 in Armour
    83 | D        | Reached ** piety under Qazlal
    94 | D        | Reached skill level 5 in Shields
   229 | D        | Reached skill level 5 in Fighting
   229 | D        | Reached XP level 3. HP: 36/36 MP: 2/2
   229 | D        | Reached *** piety under Qazlal
   230 | D        | Reached skill level 4 in Polearms
   298 | D        | Reached XP level 4. HP: 42/42 MP: 3/3
   301 | D        | Noticed Blork the orc
   304 | D        | Reached **** piety under Qazlal
   304 | D        | Noticed a warg
   305 | D        | Reached skill level 5 in Polearms
   313 | D        | Killed Blork the orc
   314 | D        | Reached skill level 6 in Polearms
   314 | D        | Reached XP level 5. HP: 48/51 MP: 4/4
   316 | D        | Reached skill level 7 in Polearms
   324 | D        | Killed a warg
   325 | D        | Reached skill level 8 in Polearms
   325 | D        | Reached XP level 6. HP: 44/60 MP: 5/5
   418 | D        | Reached ***** piety under Qazlal
   421 | D        | Noticed a bog body
   427 | D        | Killed a bog body
   428 | D        | Reached skill level 12 in Polearms
   428 | D        | Reached skill level 1 in Stealth
   428 | D        | Reached skill level 10 in Shields
   428 | D        | Reached XP level 7. HP: 57/69 MP: 6/6
   484 | D        | Paralysed by a floating eye for 2 turns
   505 | D        | Reached XP level 8. HP: 65/78 MP: 7/7
   558 | D        | Noticed a hornet
   565 | D        | Killed a hornet
   566 | D        | Reached skill level 13 in Polearms
   566 | D        | Reached skill level 10 in Armour
   568 | D        | Reached skill level 14 in Polearms
   701 | D        | Noticed a six-headed hydra
   708 | D        | Killed a six-headed hydra
   708 | D        | Reached ****** piety under Qazlal
   709 | D        | Reached skill level 10 in Fighting
   709 | D        | Reached skill level 15 in Polearms
   709 | D        | Reached XP level 9. HP: 72/86 MP: 8/8
   768 | D        | Noticed a red devil
   772 | D        | Killed a red devil
   773 | D        | Noticed a yaktaur
   782 | D        | Killed a yaktaur
   783 | D        | Reached skill level 16 in Polearms
  1032 | D        | Killed an unseen horror
  1047 | D        | Noticed an eidolon
  1048 | D        | Noticed a smoke demon
  1064 | D        | Killed an eidolon
  1065 | D        | Reached XP level 10. HP: 51/97 MP: 9/9
  1066 | D        | Killed a smoke demon
  1248 | D        | Noticed a two-headed ogre
  1250 | D        | Noticed a nagaraja
  1259 | D        | Reached skill level 17 in Polearms
  1263 | D        | Killed a two-headed ogre
  1265 | D        | Killed from afar by a nagaraja

Illustrated notes

Levels and vault maps discovered:
D:        pitsprint [storerooms_1, entrance_room_1, metal_vault_1, armoury_2,
          mini_pit_1, grid_room_1, main_hall_1, silver_pit, the_coven_1,
          the_vestibule_1, steel_vault_3, golden_pit, hallway_of_sentries,
          crystal_vault_2, iron_vault_2, final_vault]

Skill      XL: |  1  2  3  4  5  6  7  8  9 10 |
---------------+-------------------------------+-----
Fighting       | 4 5 6 7 8 9 10 11 12 | 12.2
Armour         | 4 6 7 8 9 10 11 12 | 12.4
Shields        | 4 5 6 7 8 10 12 13 14 | 14.9
Polearms       | 3 4 6 8 12 15 16 17 | 17.1
Dodging        | 2 3 4 |  4.4
Stealth        | 1 2 |  2.3

Action                   |  1- 3 |  4- 6 |  7- 9 | 10-12 || total
-------------------------+-------+-------+-------+-------++-------
Melee: Trident           |    32 |    35 |    75 |    19 ||   161
       Headbutt          |     3 |     6 |    14 |     8 ||    31
  Use: Potion            |       |       |       |     2 ||     2
Armor: Scale mail        |    17 |       |       |       ||    17
       Chain mail        |       |     5 |    32 |     7 ||    44
Dodge: Dodged            |     6 |     1 |    20 |     2 ||    29
       Repelled          |       |       |       |     2 ||     2
Block: Kite shield       |    17 |    20 |    53 |    16 ||   106

Table legend: (Time is in decaauts)
 A = Elapsed time spent in this place.
 B = Non-inter-level travel time spent in this place.
 C = Inter-level travel time spent in this place.
 D = Time resting spent in this place.
 E = Time spent auto-exploring this place.
 F = Levels seen in this place.
 G = Mean time per level.
                   A        B        C        D        E       F      G
               +--------+--------+--------+--------+--------+-----+--------+
         Total |   1253 |   1213 |     40 |    731 |     23 |   1 | 1253.0 |
       Dungeon |   1253 |   1213 |     40 |    731 |     23 |   1 | 1253.0 |
               +--------+--------+--------+--------+--------+-----+--------+

Top non-repeatable levels by time:
       D: 1253 daAuts
